 Seeded DCSS version 0.29-a0-356-g7bc237e783 (webtiles) character file.

Game seed: 20220427 (custom seed)

602 a11behringer the Covered (level 7, -3/54 HPs)
             Began as a Formicid Fighter on Apr 27, 2022.
             Was a Believer of Makhleb.
             Slain by an orc warrior
             ... wielding a +0 battleaxe
              (5 damage)
             ... on level 5 of the Dungeon.
             The game lasted 00:10:34 (3851 turns).

a11behringer the Covered (Formicid Fighter)         Turns: 3851, Time: 00:10:35

Health: -3/54      AC: 12    Str: 22    XL:     7   Next: 69%
Magic:  9/9        EV:  8    Int:  8    God:    Makhleb [**....]
Gold:   172        SH:  4    Dex: 10    Spells: 6/6 levels left

rFire   . . .      SeeInvis +   p - +2 flail (vorpal)
rCold   . . .      Faith    .   c - +0 buckler
rNeg    . . .      Spirit   .   q - +1 chain mail
rPois   +          Reflect  .   (helmet unavailable)
rElec   .          Harm     .   (no cloak)
rCorr   .          Rampage  .   d - +1 pair of gloves
Will    .....                   (no boots)
Stlth   ..........              (no amulet)
HPRegen 0.18/turn               k - ring of poison resistance
MPRegen 0.11/turn               (no ring)

@: no status effects
A: permanent stasis, dig shafts and tunnels, antennae 3, four strong arms
a: Dig, Shaft Self, Renounce Religion, Minor Destruction


You were on level 5 of the Dungeon.
You worshipped Makhleb.
Makhleb was pleased with you.
You visited 1 branch of the dungeon, and saw 5 of its levels.
You also visited: Sewer.

You collected 172 gold pieces.

Inventory:

Hand Weapons
 a - a +0 war axe
 j - a +0 vampiric hand axe
 m - a +0 hunting sling
 p - a +2 vorpal flail (weapon)
 w - a +0 hand crossbow
Missiles
 s - 29 poisoned darts
Armour
 b - a +0 scale mail
 c - a +0 buckler (worn)
 d - a +1 pair of gloves (worn)
 q - a +1 chain mail (worn)
Magical Staves
 n - a staff of poison
Jewellery
 k - a ring of poison resistance (left hand)
Wands
 r - a wand of polymorph (5)
Scrolls
 g - 2 scrolls of identify
 o - 4 scrolls of teleportation
Potions
 e - 2 potions of lignification
 f - a potion of berserk rage {unknown}
 h - 2 potions of magic
 i - a potion of invisibility {unknown}
 l - a potion of degeneration {unknown}
 t - 3 potions of heal wounds
 u - a potion of mutation {unknown}
 v - 2 potions of haste {unknown}


   Skills:
 + Level 4.3 Fighting
 + Level 4.4(5.1) Axes
 * Level 3.7(4.7) Maces & Flails
 + Level 4.6 Armour
 + Level 1.0 Dodging
 + Level 4.1 Shields
 * Level 2.7 Invocations


You had 6 spell levels left.
You didn't know any spells.
Your spell library contained the following spells:

 Spells                   Type           Power      Damage    Failure   Level
 Shock                    Conj/Air       0%         1d3       99%         1
 Scorch                   Fire           0%         2d5       100%        2
 Airstrike                Air            0%         N/A       100%        4
 Flame Wave               Conj/Fire      0%         2d4       100%        4
 Summon Lightning Spire   Summ/Air       0%         N/A       100%        4
 Summon Cactus Giant      Summ           0%         N/A       100%        6
 Storm Form               Tmut/Air       0%         N/A       100%        7
 Maxwell's Capacitive Co  Air            0%         ∞         100%        8
 Swiftness                Air            Unusable   N/A       N/A         3

Dungeon Overview and Level Annotations

Branches:
Dungeon (5/15)              Sewer (visited)
 Temple: D:4-7

Altars:
Makhleb
Nemelex Xobeh
Lugonu

Shops:
D:4 [

Portals:
Abyss: D:4

Annotations:
D:4 2 runed translucent doors


Innate Abilities, Weirdness & Mutations

You cannot be hasted, slowed, berserked, paralysed or teleported.
You can dig through walls and to a lower floor.
You have a pair of large antennae on your head. (SInv)
Your four strong arms can wield two-handed weapons with a shield.


Message History

You hit the dart slug.
The dart slug is moderately wounded.
The dart slug barely misses you.
You sock the dart slug!
You kill the dart slug!
Makhleb accepts your kill.
You see here a dart slug corpse.
The orc barely misses you. The orc warrior closely misses you.
You barely miss the orc warrior. The orc barely misses you.
You block the orc's attack. The orc hits you but does no damage.
The orc warrior closely misses you.
You hit the orc but do no damage. The orc barely misses you.
The orc closely misses you. The orc warrior barely misses you.
You closely miss the orc warrior. The orc hits you but does no damage.
The orc warrior barely misses you. You block the orc's attack.
The orc hits you but does no damage. The orc warrior barely misses you.
The orc closely misses you.
You hit the orc warrior but do no damage.
You block the orc's attack. The orc closely misses you.
The orc warrior hits you with a +0 battleaxe!!
You completely miss the orc warrior. The orc hits you with a +0 trident.
The orc hits you but does no damage. The orc warrior barely misses you.
You hit the orc warrior but do no damage.
The orc hits you but does no damage.
The orc warrior hits you with a +0 battleaxe.
You block the orc's attack.
You hit the orc warrior but do no damage.
The orc hits you with a +0 trident.
The orc warrior hits you with a +0 battleaxe!
* * * LOW HITPOINT WARNING * * *
The orc hits you with a +0 trident.
* * * LOW HITPOINT WARNING * * *
You barely miss the orc warrior. The orc hits you with a +0 trident!
* * * LOW HITPOINT WARNING * * *
The orc warrior hits you with a +0 battleaxe.
* * * LOW HITPOINT WARNING * * *
The orc hits you but does no damage.
You barely miss the orc warrior. You block the orc's attack.
The orc warrior hits you with a +0 battleaxe.
You die...

#...!..........
#...<...#
####.#######
###.#......
#.?.<.#
#.....#####
#.....##..
#...o.##.#
#...o@##.##.#
#####o......#
####.#### #.#
#.# #.# #.# ..#
###


You could see an orc warrior and 2 orcs.

Vanquished Creatures
  An ogre (D:3)
  A phantom (D:3)
  2 kobold brigands (Sewer)
  A hound (D:4)
  2 orc priests (D:4)
  An orc wizard (D:4)
  3 gnolls (D:4)
  An adder (D:2)
  A shadow imp (D:4)
  3 worms
  3 dart slugs
  11 orcs
  10 ball pythons
  8 bats
  4 endoplasms
  2 giant cockroaches
  11 goblins
  10 hobgoblins
  7 jackals
  4 quokkas
  2 frilled lizards (D:2)
  21 kobolds
  7 rats
116 creatures vanquished.

Vanquished Creatures (others)
  2 plants (Sewer)
2 creatures vanquished.

Grand Total: 118 creatures vanquished

Notes
Turn   | Place    | Note
-------+----------+-------------------------------------------
     0 | D:1      | a11behringer the Formicid Fighter began the quest for the
                  | Orb.
     0 | D:1      | Reached XP level 1. HP: 18/18 MP: 1/1
     6 | D:1      | Noticed a polar bear
     6 | D:1      | Noticed a killer bee
     6 | D:1      | Noticed an anaconda
     6 | D:1      | Noticed an eight-headed hydra
   156 | D:1      | Reached XP level 2. HP: 22/24 MP: 2/2
   517 | D:1      | Reached XP level 3. HP: 29/29 MP: 3/3
  1049 | D:2      | Reached XP level 4. HP: 36/36 MP: 4/4
  1311 | D:2      | Found a burning altar of Makhleb.
  1381 | D:2      | Became a worshipper of Makhleb the Destroyer
  1607 | D:3      | Found a faded altar of an unknown god.
  1781 | D:3      | Found a glowing drain.
  1786 | D:3      | Reached * piety under Makhleb
  1793 | D:3      | Reached XP level 5. HP: 23/42 MP: 5/5
  1799 | Sewer    | Entered a sewer
  2217 | Sewer    | Noticed a kobold brigand
  2217 | Sewer    | Noticed a kobold brigand
  2220 | Sewer    | Killed a kobold brigand
  2221 | Sewer    | Reached skill level 1 in Maces & Flails
  2221 | Sewer    | Reached skill level 1 in Invocations
  2221 | Sewer    | Reached XP level 6. HP: 39/48 MP: 5/7
  2236 | Sewer    | Reached ** piety under Makhleb
  2774 | D:4      | Noticed an ogre
  2937 | D:3      | Killed an ogre
  2938 | D:3      | Reached XP level 7. HP: 35/54 MP: 8/8
  3055 | D:4      | Found Xedwairph's Antique Armour Boutique.
  3283 | D:4      | Found a one-way gate to the infinite horrors of the Abyss.
  3312 | D:4      | Reached skill level 1 in Dodging
  3401 | D:4      | Found a sparkling altar of Nemelex Xobeh.
  3506 | D:4      | Found a large runed translucent door.
  3506 | D:4      | Found a large runed translucent door.
  3524 | D:4      | Found a corrupted altar of Lugonu.
  3827 | D:5      | Entered Level 5 of the Dungeon
  3850 | D:5      | HP: 2/54 [orc/+0 trident (7)]
  3851 | D:5      | Slain by an orc warrior

Illustrated notes

Levels and vault maps discovered:
D:1:      onia_arrival_zoo_common, layout_loops_ring
D:2:      layout_basic, basic_altar, minmay_goblin_outpost
D:3:      layout_rooms, shapermc_ecumenical_altar_starsandcircs,
          gup_sewer_entry_bowl
D:4:      due_chaos_kobolds, layout_cave_pools, nemelex_diamond_rough_becter,
          serial_shops, nicolae_inconvenience_store
D:5:      layout_loops_cross, minmay_temple_entry_wispy,
          gammafunk_ghost_necromancy, hangedman_abyss_or_decor_lesser_grid,
          amcnicky_altar_lugonu_corruption

Skill      XL: |  1  2  3  4  5  6  7 |
---------------+----------------------+-----
Axes           | 3 4 |  4.4
Maces & Flails | 1 2 3 |  3.7
Armour         | 4 |  4.6
Shields        | 4 |  4.1
Invocations    | 1 2 |  2.7
Fighting       | 4 |  4.3
Dodging        | 1 |  1.0

Action                   |  1- 3 |  4- 6 |  7- 9 || total
-------------------------+-------+-------+-------++-------
Melee: War axe           |    83 |    81 |       ||   164
       Flail             |       |    80 |    72 ||   152
 Abil: Dig               |       |     1 |       ||     1
  Use: Potion            |       |     1 |       ||     1
       Scroll            |       |     7 |       ||     7
Armor: Scale mail        |    50 |    36 |       ||    86
       Chain mail        |       |    68 |    54 ||   122
Dodge: Dodged            |    50 |    59 |    50 ||   159
Block: Buckler           |    19 |    36 |    25 ||    80

Table legend: (Time is in decaauts)
 A = Elapsed time spent in this place.
 B = Non-inter-level travel time spent in this place.
 C = Inter-level travel time spent in this place.
 D = Time resting spent in this place.
 E = Time spent auto-exploring this place.
 F = Levels seen in this place.
 G = Mean time per level.
                   A        B        C        D        E       F      G
               +--------+--------+--------+--------+--------+-----+--------+
         Total |   3984 |   3658 |    326 |      0 |   2781 |   6 |  664.0 |
       Dungeon |   3365 |   3039 |    326 |      0 |   2367 |   5 |  673.0 |
         Sewer |    619 |    619 |      0 |      0 |    413 |   1 |  619.0 |
               +--------+--------+--------+--------+--------+-----+--------+

Top non-repeatable levels by time:
     D:3: 968 daAuts
     D:4: 832 daAuts
     D:1: 817 daAuts
     D:2: 721 daAuts
   Sewer: 619 daAuts
     D:5: 25 daAuts
